 Dungeon Crawl Stone Soup version 0.28.0 (webtiles) character file.

Game seed: 2146418156162633441

968 zeram the Cudgeller (level 8, -2/49 HPs)
             Began as a Gargoyle Fighter on Feb 5, 2022.
             Was a Follower of Yredelemnul.
             Slain by an orc warrior (4 damage)
             ... on level 6 of the Dungeon.
             The game lasted 00:06:54 (5400 turns).

zeram the Cudgeller (Gargoyle Fighter)              Turns: 5400, Time: 00:06:56

Health: -2/49      AC: 14    Str: 22    XL:     8   Next: 16%
Magic:  8/8        EV: 10    Int:  9    God:    Yredelemnul [*.....]
Gold:   248        SH:  0    Dex:  9    Spells: 7/7 levels left

rFire   + . .      SeeInvis .   a - +0 flail
rCold   + . .      Faith    .   c - +0 buckler
rNeg    + . .      Spirit   .   b - +0 scale mail
rPois   ∞          Reflect  .   j - +0 helmet
rElec   +          Harm     .   (no cloak)
rCorr   +          Rampage  .   (no gloves)
Will    .....                   (no boots)
Stlth   ..........              (no amulet)
HPRegen 0.16/turn               (no ring)
MPRegen 0.11/turn               (no ring)

@: confused, brilliant, resistant
A: sickness immunity, AC +5, negative energy resistance 1, electricity
resistance, torment resistance 1, petrification resistance
a: Renounce Religion, Recall Undead Harvest


You were on level 6 of the Dungeon.
You worshipped Yredelemnul.
Yredelemnul was noncommittal.
You visited 1 branch of the dungeon, and saw 6 of its levels.

You collected 248 gold pieces.

Inventory:

Hand Weapons
 a - a +0 flail (weapon)
Armour
 b - a +0 scale mail (worn)
 c - a +0 buckler (worn)
 j - a +0 helmet (worn)
 n - the +1 robe of Ixtipy {+Inv Will- Str-3 SInv}
   (You found it on level 3 of the Dungeon)

   Str:       It affects your strength (-3).
   SInv:      It lets you see invisible.
   +Inv:      It lets you turn invisible.
   Will:      It decreases your willpower.
Jewellery
 h - a ring of fire
 p - a ring of resist corrosion
 s - an amulet of magic regeneration
Scrolls
 e - a scroll of amnesia
 i - 4 scrolls of teleportation
 k - a scroll of magic mapping
 l - a scroll of identify
 m - a scroll of fog {unknown}
 q - a scroll of silence {unknown}
 r - a scroll of immolation {unknown}
 u - a scroll of fear {unknown}
Potions
 d - a potion of might


   Skills:
 + Level 5.0 Fighting
 + Level 6.4 Maces & Flails
 + Level 5.6 Armour
 + Level 1.8 Dodging
 + Level 4.5 Shields


You had 7 spell levels left.
You didn't know any spells.
Your spell library contained the following spells:

 Spells                   Type           Power      Damage    Failure   Level
 Animate Skeleton         Necr           0%         N/A       78%         1
 Apportation              Tloc           0%         N/A       78%         1
 Pain                     Necr           0%         1d4       78%         1
 Vampiric Draining        Necr           0%         2d6       98%         3
 Alistair's Intoxication  Tmut/Pois      0%         N/A       100%        5


Dungeon Overview and Level Annotations

Branches:
Dungeon (6/15)             Temple (0/1) D:4

Altars:
Elyvilon
Hepliaklqana
Kikubaaqudgha
Ru
Yredelemnul
The Shining One


Innate Abilities, Weirdness & Mutations

You are immune to sickness and miasma.
Your stone body is resilient. (AC +5)
You are immune to poison.
You resist negative energy. (rN+)
You are resistant to electric shocks. (rElec)
You are resistant to unholy torment.
You are immune to petrification.


Message History

Something hits you but does no damage.
Are you sure you want to stumble around while confused and next to your orc zombie?
You thump the orc priest!
The orc priest is almost dead.
The orc priest barely misses you. Something hits you but does no damage.
Are you sure you want to stumble around while confused and next to your orc zombie?
You bump into the rock wall.
The orc priest hits you but does no damage.
You hear some strange, mumbled words.
Something tries to affect you, but you resist.
Are you sure you want to stumble around while confused and next to your orc zombie?
You closely miss the orc priest.
The orc priest is almost dead.
You feel less confused.
The orc priest hits you with a +0 hand axe.
You hear some strange, mumbled words.
You are confused.
Unknown command.
Are you sure you want to stumble around while confused and next to your orc zombie?
You're too confused to move!
Something hits you but does no damage.
The orc priest calls down the wrath of Beogh upon you.
Beogh smites you!
* * * LOW HITPOINT WARNING * * *
Unknown command.
You feel much better. Something hits you but does no damage.
The orc warrior hits you with a +0 long sword!
It was a potion of brilliance.
You feel clever all of a sudden. Something hits you but does no damage.
The orc warrior hits you with a +0 long sword!
* * * LOW HITPOINT WARNING * * *
You are too confused!
You feel protected. Something hits you.
* * * LOW HITPOINT WARNING * * *
The orc priest calls upon Beogh to heal the orc priest.
The orc priest is healed somewhat.
The orc warrior hits you with a +0 long sword.
You die...
Your body rises from the dead as a mindless zombie.

.#..## .... ....
...## .#. #oo. ...
# #oo##..# #.
#o{o...# .. #@##..
.#.#. #Z#Z#
.>....##ZZ#
.........Z#
......###.## .#
.....#####.###.###
..................
##.###.##.........
# #.##.####.###


You could see an orc warrior, 2 orc priests, an orc wizard, 2 orcs, a friendly
adder zombie, a friendly orc zombie, a friendly orc wizard zombie and a friendly
howler monkey zombie.

Vanquished Creatures
  A necrophage (D:5)
  2 ogres
  A bullfrog (D:6)
  A scorpion (D:4)
  A howler monkey (D:6)
  A hound (D:5)
  A jelly (D:4)
  A scorpion zombie (D:5)
  An orc wizard (D:6)
  A gnoll (D:1)
  6 adders
  A shadow imp (D:6)
  2 ufetubi (D:5)
  2 adder skeletons (D:4)
  3 worms
  3 dart slugs
  3 orcs
  A bat zombie (D:3)
  7 endoplasms
  3 giant cockroaches
  13 goblins
  10 hobgoblins
  8 jackals
  7 kobolds
  6 quokkas
  6 ball pythons
  4 bats
  2 frilled lizards
  2 rats (D:1)
  A rat zombie (D:3)
  A spectral hobgoblin (D:3)
102 creatures vanquished.

Vanquished Creatures (collateral kills)
  Menkaure (D:4)
  A scorpion (D:5)
  A hound (D:5)
  5 adders
  A shadow imp (D:5)
9 creatures vanquished.

Vanquished Creatures (others)
  A spectral shadow imp (D:6)
1 creature vanquished.

Grand Total: 112 creatures vanquished

Notes
Turn   | Place    | Note
-------+----------+-------------------------------------------
     0 | D:1      | zeram the Gargoyle Fighter began the quest for the Orb.
     0 | D:1      | Reached XP level 1. HP: 14/14 MP: 1/1
   379 | D:1      | Reached XP level 2. HP: 18/19 MP: 2/2
   947 | D:1      | Reached XP level 3. HP: 15/24 MP: 3/3
  1406 | D:2      | Reached XP level 4. HP: 26/29 MP: 4/4
  1628 | D:2      | Reached skill level 3 in Maces & Flails
  1936 | D:2      | Found a faded altar of an unknown god.
  2248 | D:3      | Found a white marble altar of Elyvilon.
  2264 | D:3      | Reached XP level 5. HP: 11/33 MP: 5/5
  2512 | D:3      | Reached skill level 1 in Dodging
  2991 | D:3      | Found an ancient bone altar of Kikubaaqudgha.
  3091 | D:3      | Found a hazy altar of Hepliaklqana.
  3150 | D:3      | Identified the +1 robe of Ixtipy {+Inv Will- Str-3 SInv}
  3344 | D:4      | Reached skill level 4 in Maces & Flails
  3344 | D:4      | Reached XP level 6. HP: 38/38 MP: 6/6
  3352 | D:4      | Found a basalt altar of Yredelemnul.
  3422 | D:4      | Noticed a profane servitor
  3427 | D:4      | Became a worshipper of Yredelemnul the Dark
  3436 | D:4      | Found a glowing golden altar of the Shining One.
  3438 | D:4      | Noticed an angel
  3521 | D:4      | Found a sacrificial altar of Ru.
  3695 | D:4      | Found a staircase to the Ecumenical Temple.
  3704 | D:4      | Reached * piety under Yredelemnul
  3737 | D:4      | Noticed Menkaure
  3744 | D:4      | Killed Menkaure
  3745 | D:4      | Reached skill level 5 in Maces & Flails
  3745 | D:4      | Reached XP level 7. HP: 20/44 MP: 7/7
  4270 | D:5      | Entered Level 5 of the Dungeon
  4669 | D:5      | Reached skill level 5 in Armour
  4884 | D:5      | Reached skill level 6 in Maces & Flails
  5202 | D:6      | Reached XP level 8. HP: 25/48 MP: 8/8
  5370 | D:6      | Reached ** piety under Yredelemnul
  5371 | D:6      | Reached skill level 5 in Fighting
  5400 | D:6      | HP: 2/49 [something (3)]
  5400 | D:6      | Slain by an orc warrior

Illustrated notes

Levels and vault maps discovered:
D:1:      shiori_arrival_elements, layout_basic
D:2:      layout_rooms, ebering_ecumenical_altar_sacrificial,
          minmay_misc_feat_plants
D:3:      layout_loops_ring, nicolae_hepliaklqana_monster_ancestors,
          elyvilon_altar_5, lemuel_zombie_altar_kikubaaqudgha
D:4:      layout_loops_cross, grunt_temple_overflow_holy_war,
          mainiacjoe_overflow_boulevard, minmay_temple_entry_waves,
          dk_noncrumbling_4, wad_floor_pattern_2, uniq_menkaure
D:5:      layout_basic, kennysheep_pointless_box, minivault_19
D:6:      layout_loops_ring, chequers_temple_overflow_statue_of_worship,
          lemuel_round_altar

Skill      XL: |  1  2  3  4  5  6  7  8 |
---------------+-------------------------+-----
Maces & Flails | 3 4 5 6 |  6.4
Armour         | 4 5 |  5.6
Dodging        | 1 |  1.8
Fighting       | 4 5 |  5.0
Shields        | 4 |  4.5

Action                   |  1- 3 |  4- 6 |  7- 9 || total
-------------------------+-------+-------+-------++-------
Melee: Flail             |   112 |   189 |   103 ||   404
  Use: Scroll            |     2 |     2 |     3 ||     7
       Potion            |       |       |     6 ||     6
Armor: Scale mail        |    70 |   136 |    68 ||   274
Dodge: Dodged            |    64 |   116 |    40 ||   220
Block: Buckler           |    26 |    52 |    12 ||    90
